 Dungeon Crawl Stone Soup version 0.31-a0-198-g2ad674f65e (webtiles) character file.

Game seed: 3932784943167260281

76 qw the Shooter (level 4, -3/25 HPs)
             Began as a Deep Elf Hunter on June 25, 2023.
             Slain by an iguana (7 damage)
             ... on level 3 of the Dungeon.
             The game lasted 00:00:29 (1507 turns).

qw the Shooter (Deep Elf Hunter)                    Turns: 1507, Time: 00:00:29

Health: -3/25      AC:  5    Str: 10    XL:     4   Next: 12%
Magic:  6/6        EV: 11    Int: 14    God:
Gold:   123        SH:  0    Dex: 18    Spells: 3/3 levels left

rFire   . . .        Y - +0 shortbow
rCold   . . .        (shield currently unavailable)
rNeg    . . .        k - +0 ring mail
rPois   .            (no helmet)
rElec   .            (no cloak)
rCorr   .            (no gloves)
SInv    .            (no boots)
Will    .....        (no amulet)
Stlth   +            (no ring)
HPRegen 0.24/turn    (no ring)
MPRegen 0.10/turn

%: no passive effects
@: no status effects
A: no striking features
a: no special abilities


You were on level 3 of the Dungeon.
You visited 1 branch of the dungeon, and saw 3 of its levels.

You collected 123 gold pieces.


   Skills:
 - Level 1.5 Fighting
 + Level 7.5 Ranged Weapons
 - Level 2.4 Dodging
 - Level 1.2 Stealth


You had 3 spell levels left.
You didn't know any spells.
Your spell library was empty.

Inventory:

Hand Weapons
 Y - a +0 shortbow (weapon)
Armour
 k - a +0 ring mail (worn)
Scrolls
 a - a scroll of identify
Potions
 d - a potion of enlightenment {unknown}
 e - a potion of attraction {unknown}
 f - a potion of haste {unknown}
 g - a potion of berserk rage {unknown}
 i - a potion of heal wounds {unknown}
 j - a potion of lignification {unknown}

Dungeon Overview and Level Annotations

Branches:
Dungeon (3/15)

Altars:

Shops:
D:2 (:((


Message History

You shoot an arrow. The arrow hits the adder!
You kill the adder!
The hobgoblin closely misses you. x2
You have reached level 4!
You feel clever.
You shoot an arrow. The arrow barely misses the hobgoblin.
The hobgoblin hits you.
You shoot an arrow.
The arrow hits the hobgoblin but does no damage.
The hobgoblin hits you.
You shoot an arrow. The arrow closely misses the hobgoblin.
The hobgoblin hits you.
You shoot an arrow. The arrow hits the hobgoblin.
You kill the hobgoblin!
You start resting.
You hear the slow rusting of a very distant drain.
HP restored.
You hear the slow rusting of a very distant drain.
You now have 123 gold pieces (gained 10).
A frilled lizard and an iguana come into view.
The iguana hisses angrily.
The frilled lizard moves out of view.
You shoot an arrow. The arrow hits the iguana.
The iguana is lightly wounded.
You shoot an arrow. The arrow hits the iguana!
The iguana is heavily wounded.
You shoot an arrow. The arrow closely misses the iguana.
The iguana bites you!
You shoot an arrow.
The arrow hits the iguana but does no damage.
The iguana is heavily wounded.
The iguana barely misses you.
You shoot an arrow. The arrow hits the iguana.
The iguana is severely wounded.
The iguana bites you!
Ouch! That really hurt!
You shoot an arrow.
The arrow hits the iguana but does no damage.
The iguana is severely wounded.
The iguana bites you!
You die...

.# #.........##
...#..#......#
......#.######
........#######.
................
..##.#..........
........######.
...#.##....#
.##.. #.##@# ...
#..##l#
#####..###l. ###
..## ..# .#.#
.#.# .#..#


You could see an iguana and a frilled lizard.

Vanquished Creatures
  Jessica (D:2)
  An adder (D:3)
  A worm (D:2)
  3 ball pythons (D:1)
  4 endoplasms
  6 goblins
  7 hobgoblins
  A quokka (D:1)
  6 bats
  A frilled lizard (D:2)
  2 kobolds (D:1)
  4 rats (D:1)
37 creatures vanquished.

Notes
Turn   | Place    | Note
-------+----------+-------------------------------------------
     0 | D:1      | qw the Deep Elf Hunter began the quest for the Orb.
     0 | D:1      | Reached XP level 1. HP: 12/12 MP: 3/3
     0 | D:1      | 0 ||| qw: Version: 0.3-a-22-g0ed2b0b
     0 | D:1      | 0 ||| qw: Game counter: 4883
     0 | D:1      | 0 ||| qw: Melee chars always use a shield: true
     0 | D:1      | 0 ||| qw: God list: Okawaru
     0 | D:1      | 0 ||| qw: Allow faded altars: false
     0 | D:1      | 0 ||| qw: Do Orc after clearing Dungeon:15 true
     0 | D:1      | 0 ||| qw: Do second Lair branch before Depths: true
     0 | D:1      | 0 ||| qw: Lair rune preference: random
     0 | D:1      | 0 ||| qw: Goals: Normal
     0 | D:1      | 0 ||| PLANNING D:1-11
    65 | D:1      | Reached XP level 2. HP: 16/16 MP: 4/4
    66 | D:1      | Reached skill level 6 in Ranged Weapons
   455 | D:1      | 455 ||| UPGRADING to +0 ring mail.
   465 | D:1      | 465 ||| DROPPING +0 leather armour.
   466 | D:1      | 466 ||| READING 3 scrolls labelled APSYONKOALA.
   467 | D:1      | 467 ||| DROPPING 2 scrolls of amnesia.
   468 | D:1      | 468 ||| DROPPING scroll of butterflies.
   496 | D:2      | Noticed Jessica
   501 | D:2      | Reached XP level 3. HP: 19/20 MP: 5/5
   509 | D:2      | Killed Jessica
   510 | D:2      | Reached skill level 7 in Ranged Weapons
   593 | D:2      | Found Aturph's Weapon Shoppe.
   827 | D:2      | Found Rujethri's Book Shoppe.
   853 | D:2      | Found Xawac's Antique Weapon Shoppe.
   858 | D:2      | 858 ||| SHOPLISTING jewelled orcbow (204 gold, have 103).
   948 | D:2      | Found Joicricw's Antique Weapon Boutique.
   958 | D:2      | 958 ||| SHOPLISTING glowing orcbow (195 gold, have 103).
   958 | D:2      | 958 ||| SHOPLISTING orcbow (105 gold, have 103).
  1312 | D:2      | 1312 ||| READING 2 scrolls labelled NUXIEXK MUTI.
  1313 | D:2      | 1313 ||| READING scroll labelled JAUTASTR LOUGI.
  1387 | D:3      | 1387 ||| PLANNING SEWER
  1406 | D:3      | Reached XP level 4. HP: 12/25 MP: 6/6
  1506 | D:3      | HP: 4/25 [iguana (13)]
  1507 | D:3      | Slain by an iguana

Levels and vault maps discovered:
D:1:      roderic_crossed_star, layout_rooms, minmay_heptomino_w4
D:2:      layout_basic, serial_shops, shop, nicolae_shop_tiny_statue_garden,
          nicolae_shop_just_a_little_nook, nicolae_shop_pleasant_corner_grove,
          uniq_jessica
D:3:      kennysheep_six_static_rooms, layout_rooms, overflow_temple_1_default,
          nicolae_overflow_two_pavilions, shapermc_ecumenical_altar_venn,
          gup_sewer_entry_glass

Skill      XL: |  1  2  3 |
---------------+----------+-----
Ranged Weapons | 6 7 |  7.5
Fighting       | |  1.5
Dodging        | |  2.4
Stealth        | |  1.2

Action                     |  1- 3 |  4- 6 || total
---------------------------+-------+-------++-------
   Fire: Shortbow          |    91 |    10 ||   101
    Use: Scroll            |     3 |       ||     3
 Armour: Leather armour    |     3 |       ||     3
         Ring mail         |     6 |       ||     6
  Dodge: Dodged            |    21 |     1 ||    22

Table legend:
 A = Non-vault XP
 B = Vault XP
 C = Vault XP percentage of total XP
 D = Non-vault monster count
 E = Vault monster count
 F = Vault count percentage of total count
                 A         B        C        D         E       F
            +---------+---------+-------+---------+---------+-------
      Total |      65 |      44 |  40.4 |      30 |       7 |  18.9
            +---------+---------+-------+---------+---------+-------
        D:1 |      33 |       7 |  17.5 |      20 |       6 |  23.1
        D:2 |      14 |      37 |  72.5 |       6 |       1 |  14.3
        D:3 |      18 |       0 |   0.0 |       4 |       0 |   0.0
            +---------+---------+-------+---------+---------+-------
